 Dungeon Crawl Stone Soup version 0.20.1-1-g8b1a95d (webtiles) character file.

49 letownia2 the Grave Robber (level 3, -1/28 HPs)
             Began as a Deep Dwarf Necromancer on Nov 4, 2017.
             Was an Initiate of Gozag.
             Shot with an arrow by a centaur (4 damage)
             ... on level 3 of the Dungeon.
             The game lasted 00:03:53 (1405 turns).

letownia2 the Grave Robber (Deep Dwarf Necromancer) Turns: 1405, Time: 00:03:54

Health: -1/28      AC:  3    Str: 11    XL:     3   Next: 53%
Magic:  7/7        EV: 12    Int: 16    God:    Gozag
Gold:   148        SH:  0    Dex: 13    Spells: 7/8 levels left

rFire    + . .     SeeInvis .   a - +0 dagger
rCold    . . .     Gourm    +   (no shield)
rNeg     . . .     Faith    .   k - +0 leather armour
rPois    +         Spirit   .   (no helmet)
rElec    .         Reflect  .   (no cloak)
rCorr    +         Harm     .   (no gloves)
MR       .....                  (no boots)
Stlth    ++........             m - amulet of the gourmand
Regen    0.0/turn               e - ring of poison resistance
MPRegen  0.1/turn               q - ring of resist corrosion

@: non-regenerating
A: damage resistance, heal wounds, blink, fire resistance 1, sense surroundings
1, no regeneration
a: Heal Wounds, Blink, Potion Petition, Call Merchant, Bribe Branch, Renounce
Religion


You were on level 3 of the Dungeon.
You worshipped Gozag.
Gozag was aware of your devotion.
You were not hungry.

You visited 1 branch of the dungeon, and saw 3 of its levels.

You collected 174 gold pieces.
You paid 26 gold pieces to Gozag.

Inventory:

Hand Weapons
 a - a +0 dagger (weapon)
 d - a +0 hand axe
Armour
 f - a +0 scale mail
 k - a +0 leather armour (worn)
 l - a +0 ring mail
Jewellery
 e - a ring of poison resistance (left hand)
 m - an amulet of the gourmand (around neck)
 q - a ring of resist corrosion (right hand)
Scrolls
 i - a scroll of teleportation {unknown}
 j - a scroll of identify {unknown}
 n - a scroll of noise {unknown}
 p - a scroll of remove curse {unknown}
Potions
 g - a potion of haste {unknown}
 h - 2 potions of mutation
 o - a potion of agility {unknown}
Books
 b - a book of Necromancy

   Spells                             Type                      Level
   a - Pain                           Necromancy                   1
   b - Animate Skeleton               Necromancy                   1
   c - Vampiric Draining              Necromancy                   3
   d - Regeneration                   Charms/Necromancy            3
   e - Animate Dead                   Necromancy                   4
   f - Control Undead                 Necromancy                   4
Comestibles
 c - 3 bread rations


   Skills:
 - Level 2.1 Dodging
 - Level 2.4 Stealth
 + Level 3.1 Spellcasting
 - Level 4.6 Necromancy


You had 7 spell levels left.
You knew the following spells:

 Your Spells              Type           Power        Failure   Level  Hunger
a - Pain                  Necr           ###.         3%          1    None


Dungeon Overview and Level Annotations

Branches:
Dungeon (3/15)

Altars:
Gozag
Ru
Sif Muna


Innate Abilities, Weirdness & Mutations

You are resistant to damage.
You can heal yourself by infusing magical energy.
You passively map a small area around you.
You do not regenerate.
You can translocate small distances at will.
Your flesh is heat resistant. (rF+)


Message History

The centaur shoots an arrow.
The arrow hits you. The arrow freezes you.
You see here an arrow.
The centaur shoots an arrow.
The arrow barely misses you.
You see here an arrow.
Put on which piece of jewellery? (? for menu, Esc to quit)
You feel a craving for the dungeon's cuisine.
m - an amulet of the gourmand (around neck) Put on which piece of jewellery? (? for menu, Esc to quit)
q - a ring of resist corrosion (right hand)
Okay, then.
It was a potion of mutation.
You feel extremely strange.
You feel resistant to heat.
You feel jittery.
The centaur shoots an arrow.
The arrow completely misses you.
The centaur shoots an arrow.
The arrow hits you!
* * * LOW HITPOINT WARNING * * *
The arrow freezes you.
You see here 3 arrows.
The centaur shoots an arrow.
The arrow hits you!
You die...
Your body crumbles into a pile of gold.

##.#...#.........
#........########
#..#.#.....
#..#.# ,### * *
#..#.. #..#### **
* ##########..#,
, , #.......(...#
, #.#######@..# ,
#...#** ** , ** *
* #..c#, , $
#...# ** * *
#...# #...# *,
,*#...# * *.....
, * * ,


You could see a centaur.

Vanquished Creatures
  3 adders (D:2)
  2 bats (D:2)
  A giant cockroach (D:2)
  3 goblins
  4 hobgoblins
  6 frilled lizards
  3 kobolds
  3 rats
25 creatures vanquished.

Notes
Turn   | Place    | Note
-------+----------+-------------------------------------------
     0 | D:1      | letownia2 the Deep Dwarf Necromancer began the quest for the Orb.
     0 | D:1      | Reached XP level 1. HP: 15/15 MP: 3/3
   391 | D:2      | Found an opulent altar of Gozag.
   438 | D:2      | Reached XP level 2. HP: 22/22 MP: 3/5
   471 | D:2      | Became a worshipper of Gozag Ym Sagoz the Greedy
   754 | D:2      | Reached XP level 3. HP: 15/28 MP: 0/7
  1222 | D:3      | Found a faded altar of an unknown god.
  1305 | D:3      | Found a sacrificial altar of Ru.
  1307 | D:3      | Found a deep blue altar of Sif Muna.
  1398 | D:3      | Noticed a centaur
  1403 | D:3      | Gained mutation: Your flesh is heat resistant. (rF+) [potion of mutation]
  1403 | D:3      | Gained mutation: You can translocate small distances at will. [potion of mutation]
  1405 | D:3      | Shot with an arrow by a centaur

Skill      XL: |  1  2  3 |
---------------+----------+-----
Spellcasting   | 2 3 |  3.1
Dodging        | |  2.1
Stealth        | |  2.4
Necromancy     | |  4.6

Action                   || total
-------------------------++-------
Melee: Dagger            ||    21
 Cast: Pain              ||    45
  Use: Potion            ||     1
 Stab: Sleeping          ||     1
  Eat: Meat ration       ||     1
Armor: Robe              ||     1
       Leather armour    ||     7
Dodge: Dodged            ||    17
